 Dungeon Crawl Stone Soup version 0.29-a0-1023-g6ae1a4a2c7 (webtiles) character file.

Game seed: 5797155031662361485

1725 rabbitsville the Caller (level 8, -5/36 HPs)
             Began as a Felid Summoner on Aug 10, 2022.
             Slain by a hornet (15 damage)
             ... on level 7 of the Dungeon on Aug 12, 2022.
             The game lasted 00:50:16 (8305 turns).

rabbitsville the Caller (Felid Summoner)            Turns: 8305, Time: 00:50:16

Health: -5/36      AC:  2    Str:  4    XL:     8   Next: 75%
Magic:  24/27      EV: 19    Int: 18    God:
Gold:   317        SH:  5    Dex: 17    Spells: 6/19 levels left
                                        Lives:  0   Deaths: 2

rFire   . . .      SeeInvis +   (weapon unavailable)
rCold   . . .      Faith    .   (shield unavailable)
rNeg    . . .      Spirit   .   (body armour unavailable)
rPois   .          Reflect  +   (helmet unavailable)
rElec   .          Harm     .   (cloak unavailable)
rCorr   .          Rampage  .   (gloves unavailable)
Will    +....                   (boots unavailable)
Stlth   ++........              B - amulet of reflection
HPRegen 0.12/turn               l - ring of wizardry
MPRegen 0.20/turn               u - ring of magical power

@: slowed, slow
A: very small, claws 1, fangs 3, see invisible, speed 1, shaggy fur 2, stealthy
paws, no weapons or thrown items, no armour, multi-lived
a: no special abilities


You were on level 7 of the Dungeon.
You visited 2 branches of the dungeon, and saw 8 of its levels.

You collected 317 gold pieces.

Inventory:

Jewellery
 b - an amulet of faith
 l - a ring of wizardry (left paw)
 u - a ring of magical power (right paw)
 v - a +4 ring of evasion
 z - an amulet of guardian spirit
 B - an amulet of reflection (around neck)
Wands
 p - a wand of flame (40)
 y - a wand of light (5)
Scrolls
 e - 2 scrolls of identify
 g - a scroll of torment {unknown}
 h - 3 scrolls of teleportation
 i - 3 scrolls of amnesia
 n - a scroll of enchant weapon
 o - 2 scrolls of noise
 r - a scroll of immolation
 x - a scroll of poison {unknown}
 A - a scroll of blinking {unknown}
 C - a scroll of butterflies {unknown}
Potions
 a - 2 potions of magic
 c - a potion of cancellation
 d - a potion of invisibility
 f - a potion of might
 j - 2 potions of berserk rage
 k - a potion of haste {unknown}
 m - 2 potions of ambrosia {unknown}
 q - 3 potions of brilliance
 s - 2 potions of curing
 t - a potion of mutation {unknown}
 w - a potion of flight {unknown}


   Skills:
 + Level 3.7 Fighting
 + Level 4.5 Dodging
 - Level 2.6 Stealth
 + Level 6.2 Spellcasting
 - Level 5.0 Hexes
 + Level 7.5 Summonings
 + Level 4.0 Air Magic


You had 6 spell levels left.
You knew the following spells:

 Your Spells              Type           Power      Damage    Failure   Level
a - Summon Small Mammal   Summ           100%       N/A       1%          1
b - Call Imp              Summ           32%        N/A       1%          2
c - Call Canine Familiar  Summ           32%        N/A       1%          3
d - Summon Guardian Gole  Hex/Summ       28%        N/A       1%          3
e - Summon Lightning Spi  Summ/Air       26%        N/A       4%          4

Your spell library contained the following spells:

 Spells                   Type           Power      Damage    Failure   Level
 Magic Dart               Conj           20%        1d4       4%          1
 Mephitic Cloud           Conj/Pois/Air  10%        N/A       9%          3
 Gell's Gravitas          Tloc           5%         N/A       14%         3
 Lesser Beckoning         Tloc           5%         N/A       14%         3
 Teleport Other           Tloc           5%         N/A       14%         3
 Leda's Liquefaction      Hex/Erth       7%         N/A       16%         4
 Portal Projectile        Hex/Tloc       Unusable   N/A       N/A         3

Dungeon Overview and Level Annotations

Branches:
Dungeon (7/15)             Temple (1/1) D:7

Altars:
Ashenzari
Cheibriados
Dithmenos
Elyvilon
Fedhas
Gozag
Hepliaklqana
Kikubaaqudgha
Makhleb
Nemelex Xobeh
Okawaru
Qazlal
Ru
Sif Muna
Trog
Uskayaw
Vehumet
Wu Jian
Xom
Yredelemnul
Zin
The Shining One

Annotations:
D:4 1 transporter, hetake2's ghost, novice TrBe


Innate Abilities, Weirdness & Mutations

You have sharp claws.
You have razor-sharp teeth.
You have supernaturally acute eyesight. (SInv)
You cover ground quickly. (Speed+)
You are covered in thick fur. (AC +2)
Your paws help you pounce on unaware monsters.
You are incapable of wielding weapons or throwing items.
You cannot wear armour.
You gain extra lives every three experience levels.


Message History

The bolt of electricity hits the bullfrog!
The bullfrog dies!
You swap places.
Found a staircase to the Ecumenical Temple.
A hornet comes into view.
Found a scroll of identify.
The hornet buzzes angrily.
There is a staircase to the Ecumenical Temple here.
You climb downwards.
Welcome to the Ecumenical Temple!
Your summoned ally is left behind.
There is a staircase back to the Dungeon here.
There is a dry fountain here.
Found a blossoming altar of Fedhas and a stormy altar of Qazlal.
Found three altars.
Found three altars.
Found a radiant altar of Vehumet and a shimmering altar of Xom.
Found two altars.
Found a basalt altar of Yredelemnul.
Found a snail-covered altar of Cheibriados.
Found a glowing silver altar of Zin.
Found a sparkling altar of Nemelex Xobeh.
There is an ornate altar of the Wu Jian Council here.
There is a white marble altar of Elyvilon here.
There is a glowing silver altar of Zin here.
Partly explored, can't reach some places.
There is a staircase back to the Dungeon here.
You climb upwards.
Welcome back to the Dungeon!
The hornet stings you!
You feel yourself slow down. The hornet barely misses you.
There is a staircase to the Ecumenical Temple here.
You block the hornet's attack.
A guardian golem appears, shielding your allies.
You feel yourself speed up. You block the hornet's attack.
The hornet stings you!
You are lethally poisoned!
You feel yourself slow down.
It was a potion of curing.
You feel better. The hornet stings you!
* * * LOW HITPOINT WARNING * * *
You feel as though you will be slow longer.
The hornet stings you!
You die...

#..... #### #...###
###....####..###.....#
#.............##.....# #
##.........#.........#..
.#.........#...#.#......
.##...........#.#.#.....
.#.........#.#.#.#9#.#..
..............#.y.#.....
.............#.#@#.#....
......8.......#.#.#...?#
...##..........#.#......
...##....................#.#
...##..###.....#..#..........
.......##.....................
........#......##.............
..............................
.......##.###................#


You could see a hornet (ally target) and a friendly guardian golem (summoned).

Vanquished Creatures
  A phantom (D:5)
  An orc priest (D:7)
  An ufetubus (D:6)
  A bat (D:3)
  A goblin (D:1)
5 creatures vanquished.

Vanquished Creatures (collateral kills)
  Grinder (D:4)
  A steam dragon (D:7)
  A centaur (D:5)
  2 phantoms (D:4)
  A bullfrog (D:7)
  4 scorpions
  A howler monkey (D:6)
  4 orc priests
  4 iguanas
  A gnoll bouda (D:7)
  2 hounds
  3 orc wizards
  9 gnolls
  4 adders
  An ufetubus (D:5)
  A worm (D:4)
  3 dart slugs
  11 orcs
  4 endoplasms
  5 giant cockroaches
  9 hobgoblins
  3 kobolds
  7 quokkas
  6 ball pythons
  4 bats
  5 frilled lizards
  4 goblins
  6 rats
107 creatures vanquished.

Vanquished Creatures (others)
  Edmund (D:6)
  2 water moccasins
  An ogre (D:5)
  A bullfrog (D:7)
  An orc wizard (D:6)
  2 gnolls (D:5)
  An orc (D:7)
  A hobgoblin (D:4)
  A quokka (D:4)
  2 plants (D:1)
13 creatures vanquished.

Grand Total: 125 creatures vanquished

Notes
Turn   | Place    | Note
-------+----------+-------------------------------------------
     0 | D:1      | rabbitsville the Felid Summoner began the quest for the
                  | Orb.
     0 | D:1      | Reached XP level 1. HP: 7/7 MP: 4/4
   477 | D:1      | Reached XP level 2. HP: 6/11 MP: 1/6
   480 | D:1      | Learned a level 2 spell: Call Imp
   765 | D:1      | Found a faded altar of an unknown god.
  1689 | D:2      | Reached XP level 3. HP: 14/14 MP: 5/8
  1721 | D:1      | Learned a level 3 spell: Call Canine Familiar
  2709 | D:3      | Found a hazy altar of Hepliaklqana.
  3044 | D:3      | Reached XP level 4. HP: 16/18 MP: 6/9
  3053 | D:3      | Reached skill level 5 in Summonings
  3086 | D:3      | Learned a level 3 spell: Summon Guardian Golem
  3398 | D:3      | Found a glowing golden altar of the Shining One.
  3714 | D:4      | Reached skill level 1 in Hexes
  3728 | D:4      | Noticed Grinder
  3792 | D:4      | Paralysed by Grinder for 2 turns
  3957 | D:4      | Paralysed by Grinder for 4 turns
  3960 | D:4      | Slain by Grinder
  3961 | D:4      | Reached XP level 3. HP: -5/15 MP: 3/8
  4059 | D:5      | Entered Level 5 of the Dungeon
  4142 | D:5      | Noticed a water moccasin
  4162 | D:5      | Killed a water moccasin
  4163 | D:5      | Reached skill level 1 in Fighting
  4163 | D:5      | Reached XP level 4. HP: 19/19 MP: 1/10
  4163 | D:5      | Reached XP level 5. HP: 22/22 MP: 1/11
  4187 | D:5      | Noticed an ogre
  4195 | D:5      | Killed an ogre
  4281 | D:5      | Gained mutation: You are covered in thick fur. (AC +2)
                  | [Felid growth]
  4281 | D:5      | Reached XP level 6. HP: 26/26 MP: 2/13
  5007 | D:5      | Reached skill level 6 in Summonings
  5107 | D:5      | Reached skill level 1 in Air Magic
  5107 | D:5      | Reached XP level 7. HP: 30/30 MP: 7/14
  5112 | D:5      | Learned a level 4 spell: Summon Lightning Spire
  5572 | D:6      | Slain by a water moccasin
  5573 | D:6      | Reached XP level 6. HP: 0/27 MP: 3/13
  5936 | D:6      | Killed a water moccasin
  5937 | D:6      | Reached skill level 5 in Spellcasting
  5994 | D:6      | Reached XP level 7. HP: 30/30 MP: 5/15
  6183 | D:6      | Upgraded the game from 0.29-a0-1019-g84f7d21838 to
                  | 0.29-a0-1023-g6ae1a4a2c7
  6253 | D:6      | Noticed Edmund
  6271 | D:6      | Killed Edmund
  6721 | D:4      | Killed Grinder
  6722 | D:4      | Reached skill level 7 in Summonings
  6905 | D:4      | Found a transporter.
  6909 | D:4      | Noticed hetake2's ghost (novice TrBe)
  6958 | D:4      | Reached XP level 8. HP: 24/34 MP: 17/17
  7453 | D:7      | Reached skill level 5 in Hexes
  7776 | D:7      | Found a shimmering blue altar of Sif Muna.
  7783 | D:7      | Found an iron altar of Okawaru.
  7786 | D:7      | Found a hide-covered altar of Uskayaw.
  7791 | D:7      | Found a broken altar of Ashenzari.
  8051 | D:7      | Found a staircase to the Ecumenical Temple.
  8058 | D:7      | Noticed a hornet
  8061 | Temple   | Entered the Ecumenical Temple
  8305 | D:7      | Slain by a hornet

Illustrated notes

Levels and vault maps discovered:
D:1:      tarquinn_simple_flora_water_e, layout_loops_ring,
          shapermc_ecumenical_altar_totnotflames,
          chequers_serial_rivers_micro_c, minmay_misc_feat_secret_circle,
          due_unseen_surprise
D:2:      layout_loops_ring, dreamdust_princess_bridge
D:3:      layout_basic, mainiacjoe_overflow_surrounded_room, lemuel_doored_altar
D:4:      layout_rooms, gammafunk_ghost_smash, grunt_ministairs_15, uniq_grinder
D:5:      dreamdust_elfheim, layout_rooms
D:6:      layout_rooms, uniq_edmund
D:7:      layout_cave_pools, grunt_temple_overflow_cloverleaf,
          minmay_temple_entry_grid, skrybe_limestone_x
Temple:   minmay_temple_bridge_d

Skill      XL: |  1  2  3  4  5  6  7  8 |
---------------+-------------------------+-----
Spellcasting   | 3 4 5 6 |  6.2
Summonings     | 5 6 7 |  7.5
Hexes          | 2 1 3 4 5 |  5.0
Fighting       | 1 2 3 |  3.7
Air Magic      | 2 3 4 |  4.0
Dodging        | 3 4 |  4.5
Stealth        | |  2.6

Action                   |  1- 3 |  4- 6 |  7- 9 || total
-------------------------+-------+-------+-------++-------
Melee: Unarmed           |     6 |     1 |     6 ||    13
       Bite              |     1 |     1 |     1 ||     3
 Cast: Summon Small Mamm |    36 |       |       ||    36
       Call Imp          |    18 |     9 |     2 ||    29
       Call Canine Famil |    11 |    28 |    23 ||    62
       Summon Guardian G |     1 |    14 |    11 ||    26
       Summon Lightning  |       |     2 |    15 ||    17
Evoke: Wand              |       |     2 |     3 ||     5
  Use: Scroll            |       |     8 |     1 ||     9
       Potion            |       |     1 |     5 ||     6
Armor: Skin              |       |     1 |     1 ||     2
Dodge: Dodged            |    24 |    10 |    33 ||    67
Block: Other             |       |       |     5 ||     5
       Reflection        |       |       |     1 ||     1

Table legend: (Time is in decaauts)
 A = Elapsed time spent in this place.
 B = Non-inter-level travel time spent in this place.
 C = Inter-level travel time spent in this place.
 D = Time resting spent in this place.
 E = Time spent auto-exploring this place.
 F = Levels seen in this place.
 G = Mean time per level.
                   A        B        C        D        E       F      G
               +--------+--------+--------+--------+--------+-----+--------+
         Total |   7315 |   7043 |    272 |    224 |   4324 |   8 |  914.4 |
       Dungeon |   7122 |   6850 |    272 |    224 |   4149 |   7 | 1017.4 |
        Temple |    193 |    193 |      0 |      0 |    175 |   1 |  193.0 |
               +--------+--------+--------+--------+--------+-----+--------+

Top non-repeatable levels by time:
     D:1: 1494 daAuts
     D:5: 1242 daAuts
     D:6: 1196 daAuts
     D:3: 1017 daAuts
     D:2: 835 daAuts
     D:4: 745 daAuts
     D:7: 590 daAuts
  Temple: 193 daAuts
